PAAA
KEY WEST CORAL REEFERS @ CALGARY LYNX
07/12/2032
 
TOP OF THE 1ST
Key West Coral Reefers batting - Pitching for Calgary Lynx : RHP Lorenzo Díaz
Pitching: RHP Lorenzo Díaz
Batting: SHB Juan Torres 0-0: Called Strike
0-1: Ball
1-1: Ball
2-1: Foul Ball, location: 2F
2-2: Ball
3-2: Base on Balls
Batting: RHB Quindarious Monday 0-0: Called Strike
0-1: Ball
1-1: Fly out, F9 (Flyball, 9)
Batting: LHB Ricardo Collazo 0-0: Foul Ball, location: 2F
0-1: Ball
1-1: Grounds into double play, 6-4-3 (Groundball, 6)
Top of the 1st over - 0 runs, 0 hits, 0 errors, 0 left on base; Key West 0 - Calgary 0
BOTTOM OF THE 1ST
Calgary Lynx batting - Pitching for Key West Coral Reefers : RHP Luis Torrez
Pitching: RHP Luis Torrez
Batting: LHB Bennett Whitford 0-0: Ball
1-0: Foul Ball, location: 2F
1-1: Bunted foul
1-2: Fly out, F6 (Line Drive, 4M)
Batting: LHB Daniel García 0-0: Called Strike
0-1: Ball
1-1: Ball
2-1: Called Strike
2-2: Ground out 6-3 (Groundball, 6)
Batting: LHB Juan Aranda 0-0: Called Strike
0-1: Ball
1-1: Called Strike
1-2: Foul Ball, location: 2F
1-2: Foul Ball, location: 2F
1-2: Fly out, F5 (Line Drive, 5)
Bottom of the 1st over - 0 runs, 0 hits, 0 errors, 0 left on base; Key West 0 - Calgary 0
TOP OF THE 2ND
Key West Coral Reefers batting - Pitching for Calgary Lynx : RHP Lorenzo Díaz
Batting: SHB Dave Atkins 0-0: Ball
1-0: Foul Ball, location: 2F
1-1: Ball
2-1: Fly out, F6 (Popup, 6)
Batting: LHB John Hansen 0-0: Swinging Strike
0-1: Fly out, F8 (Flyball, 8RM)
Batting: RHB Yoshihiro Iwasaki 0-0: Called Strike
0-1: Swinging Strike
0-2: Strikes out swinging
Top of the 2nd over - 0 runs, 0 hits, 0 errors, 0 left on base; Key West 0 - Calgary 0
BOTTOM OF THE 2ND
Calgary Lynx batting - Pitching for Key West Coral Reefers : RHP Luis Torrez
Batting: LHB Michael Ward 0-0: Swinging Strike
0-1: Foul Ball, location: 2F
0-2: Strikes out looking
Batting: RHB Miguel Rosales 0-0: Foul Ball, location: 2F
0-1: Ball
1-1: Ground out U3 (Groundball, 3)
Batting: RHB Ángelo Delgado 0-0: Called Strike
0-1: Called Strike
0-2: Foul Ball, location: 2F
0-2: Ball
1-2: Foul Ball, location: 2F
1-2: Foul Ball, location: 2F
1-2: Foul Ball, location: 2F
1-2: Ball
2-2: Ball
3-2: SINGLE (Flyball, 5D)
Batting: RHB José de la Cavallería 0-0: Ball
1-0: Called Strike
1-1: Foul Ball, location: 2F
1-2: Strikes out swinging
Bottom of the 2nd over - 0 runs, 1 hit, 0 errors, 1 left on base; Key West 0 - Calgary 0
TOP OF THE 3RD
Key West Coral Reefers batting - Pitching for Calgary Lynx : RHP Lorenzo Díaz
Batting: RHB Miguel Montoya 0-0: Ball
1-0: Foul Ball, location: 2F
1-1: Foul Ball, location: 2F
1-2: Ball
2-2: Ground out 6-3 (Groundball, 56)
Batting: SHB Jeff Lowe 0-0: Ball
1-0: SINGLE (Groundball, 34D)
Batting: RHB Kenneth Noid 0-0: Ball
1-0: Ball
2-0: Foul Ball, location: 2F
2-1: DOUBLE (Line Drive, 78D)
Jeff Lowe to third
Batting: SHB Juan Torres 0-0: Ball
1-0: Ground out U3 (Groundball, 3)
Batting: RHB Quindarious Monday 0-0: Ground out 6-3 (Groundball, 6)
Top of the 3rd over - 0 runs, 2 hits, 0 errors, 2 left on base; Key West 0 - Calgary 0
BOTTOM OF THE 3RD
Calgary Lynx batting - Pitching for Key West Coral Reefers : RHP Luis Torrez
Batting: RHB Dhyana Snigdha 0-0: Ball
1-0: Ball
2-0: Ball
3-0: Called Strike
3-1: Called Strike
3-2: Foul Ball, location: 2F
3-2: Foul Ball, location: 2F
3-2: Foul Ball, location: 2F
3-2: Strikes out looking
Batting: RHB Michael Garrett 0-0: Ball
1-0: Foul Ball, location: 2F
1-1: Ground out 5-3 (Groundball, 56)
Batting: LHB Bennett Whitford 0-0: Bunted foul
0-1: Fly out, F7 (Flyball, 78M)
Bottom of the 3rd over - 0 runs, 0 hits, 0 errors, 0 left on base; Key West 0 - Calgary 0
TOP OF THE 4TH
Key West Coral Reefers batting - Pitching for Calgary Lynx : RHP Lorenzo Díaz
Batting: LHB Ricardo Collazo 0-0: Ball
1-0: Called Strike
1-1: Foul Ball, location: 2F
1-2: Ball
2-2: Ground out 1-3 (Groundball, 13)
Batting: SHB Dave Atkins 0-0: DOUBLE (Line Drive, 7LM)
Batting: LHB John Hansen 0-0: Called Strike
0-1: Ball
1-1: Swinging Strike
1-2: Ball
2-2: Foul Ball, location: 2F
2-2: Fly out, F8 (Flyball, 8RM)
Batting: RHB Yoshihiro Iwasaki 0-0: Called Strike
0-1: Ball
1-1: Ball
2-1: SINGLE (Line Drive, 89S)
Dave Atkins to third
Runner from 3rd tries for Home, SAFE, throw made home
Yoshihiro Iwasaki to second
Batting: RHB Miguel Montoya 0-0: Ball
1-0: Ball
2-0: Ball
3-0: Base on Balls
Batting: SHB Jeff Lowe 0-0: Ball
1-0: SINGLE (Groundball, 56D)
Yoshihiro Iwasaki to third
Miguel Montoya to second
Runner from 3rd tries for Home, SAFE, no throw
Batting: RHB Kenneth Noid 0-0: Ball
1-0: SINGLE (Line Drive, 6)
Miguel Montoya to third
Jeff Lowe to second
Runner from 3rd tries for Home, SAFE, no throw
Batting: SHB Juan Torres 0-0: Ball
1-0: Ball
2-0: Foul Ball, location: 2F
2-1: Foul Ball, location: 2F
2-2: Ball
3-2: Foul Ball, location: 2F
3-2: Base on Balls
Jeff Lowe to third
Kenneth Noid to second
Batting: RHB Quindarious Monday 0-0: Foul Ball, location: 2F
0-1: Ball
1-1: SINGLE (Groundball, 34S) (infield hit)
Jeff Lowe scores
Kenneth Noid to third
Juan Torres to second
Batting: LHB Ricardo Collazo 0-0: Ground out 4-3 (Groundball, 4)
Top of the 4th over - 4 runs, 5 hits, 0 errors, 3 left on base; Key West 4 - Calgary 0
BOTTOM OF THE 4TH
Calgary Lynx batting - Pitching for Key West Coral Reefers : RHP Luis Torrez
Batting: LHB Daniel García 0-0: Ball
1-0: Fly out, F8 (Flyball, 8LM)
Batting: LHB Juan Aranda 0-0: Foul Ball, location: 2F
0-1: Swinging Strike
0-2: Ball
1-2: Strikes out swinging
Batting: LHB Michael Ward 0-0: Ball
1-0: Ground out U3 (Groundball, 34)
Bottom of the 4th over - 0 runs, 0 hits, 0 errors, 0 left on base; Key West 4 - Calgary 0
TOP OF THE 5TH
Key West Coral Reefers batting - Pitching for Calgary Lynx : RHP Lorenzo Díaz
Batting: SHB Dave Atkins 0-0: Swinging Strike
0-1: Ball
1-1: Ball
2-1: Swinging Strike
2-2: Ball
3-2: Strikes out swinging
Batting: LHB John Hansen 0-0: Ball
1-0: Ball
2-0: Fly out, F4 (Popup, 3D)
Batting: RHB Yoshihiro Iwasaki 0-0: Ball
1-0: DOUBLE (Line Drive, 8RXD) - OUT at third base trying to stretch hit.
Top of the 5th over - 0 runs, 1 hit, 0 errors, 0 left on base; Key West 4 - Calgary 0
BOTTOM OF THE 5TH
Calgary Lynx batting - Pitching for Key West Coral Reefers : RHP Luis Torrez
Batting: RHB Miguel Rosales 0-0: SINGLE (Line Drive, 9S)
Batting: RHB Ángelo Delgado 0-0: Ball
1-0: Called Strike
1-1: Fly out, F3 (Popup, 4S)
Batting: RHB José de la Cavallería 0-0: Called Strike
0-1: Ball
1-1: SINGLE (Line Drive, 56)
Miguel Rosales to second
Batting: RHB Dhyana Snigdha 0-0: Called Strike
0-1: Swinging Strike
0-2: Ball
1-2: Ball
2-2: SINGLE (Groundball, 3D)
Miguel Rosales to third
José de la Cavallería to second
Batting: RHB Michael Garrett 0-0: Ball
1-0: Called Strike
1-1: Fly out, F8 (Flyball, 89XD)
Runner from 3rd tags up, SCORES, no throw
Batting: LHB Bennett Whitford 0-0: Called Strike
0-1: Ball
1-1: Foul Ball, location: 2F
1-2: Foul Ball, location: 2F
1-2: Foul Ball, location: 2F
1-2: Ball
2-2: Ball
3-2: Fly out, F9 (Line Drive, 89M)
Bottom of the 5th over - 1 run, 3 hits, 0 errors, 2 left on base; Key West 4 - Calgary 1
TOP OF THE 6TH
Key West Coral Reefers batting - Pitching for Calgary Lynx : RHP Lorenzo Díaz
Batting: RHB Miguel Montoya 0-0: Fly out, F3 (Popup, 3SF)
Batting: SHB Jeff Lowe 0-0: Called Strike
0-1: Ball
1-1: Called Strike
1-2: Ball
2-2: Ground out 4-3 (Groundball, 4S)
Batting: RHB Kenneth Noid 0-0: Ball
1-0: SINGLE (Groundball, 56D)
Batting: SHB Juan Torres 0-0: Called Strike
0-1: Ball
1-1: Foul Ball, location: 2F
1-2: Ground out 4-3 (Groundball, 4)
Top of the 6th over - 0 runs, 1 hit, 0 errors, 1 left on base; Key West 4 - Calgary 1
BOTTOM OF THE 6TH
Calgary Lynx batting - Pitching for Key West Coral Reefers : RHP Luis Torrez
Batting: LHB Daniel García 0-0: Ball
1-0: Swinging Strike
1-1: Ball
2-1: Ground out 6-3 (Groundball, 6)
Batting: LHB Juan Aranda 0-0: Ball
1-0: Foul Ball, location: 2F
1-1: Reached on error, E3 (Groundball, 34)
Batting: LHB Michael Ward 0-0: TRIPLE (Line Drive, 78XD)
Juan Aranda scores
Batting: RHB Miguel Rosales 0-0: Swinging Strike
0-1: Ball
1-1: 2-RUN HOME RUN (Flyball, 7LD), Distance : 353 ft
Pitching: RHP Ricky O'Toole
Batting: RHB Ángelo Delgado 0-0: Ball
1-0: Fly out, F8 (Line Drive, 8RD)
Batting: RHB José de la Cavallería 0-0: Ball
1-0: Swinging Strike
1-1: Swinging Strike
1-2: Ball
2-2: Strikes out swinging
Bottom of the 6th over - 3 runs, 2 hits, 1 error, 0 left on base; Key West 4 - Calgary 4
TOP OF THE 7TH
Key West Coral Reefers batting - Pitching for Calgary Lynx : RHP Lorenzo Díaz
Batting: RHB Quindarious Monday 0-0: SOLO HOME RUN (Flyball, 7LD), Distance : 356 ft
Batting: LHB Ricardo Collazo 0-0: Ball
1-0: Foul Ball, location: 2F
1-1: Foul Ball, location: 2F
1-2: Foul Ball, location: 2F
1-2: Ball
2-2: Strikes out looking
Pitching: RHP Ash Wooden
Batting: SHB Dave Atkins 0-0: Foul Ball, location: 2F
0-1: Foul Ball, location: 2F
0-2: Foul Ball, location: 2F
0-2: Fly out, F8 (Flyball, 8RXD)
Batting: LHB John Hansen 0-0: Ball
1-0: Ball
2-0: Called Strike
2-1: Called Strike
2-2: Foul Ball, location: 2F
2-2: Strikes out swinging
Top of the 7th over - 1 run, 1 hit, 0 errors, 0 left on base; Key West 5 - Calgary 4
BOTTOM OF THE 7TH
Calgary Lynx batting - Pitching for Key West Coral Reefers : RHP Ricky O'Toole
Batting: RHB Dhyana Snigdha 0-0: Ground out 4-3 (Groundball, 4)
Batting: RHB Michael Garrett 0-0: Swinging Strike
0-1: Ground out 5-3 (Groundball, 56)
Batting: LHB Bennett Whitford 0-0: Ball
1-0: Foul Ball, location: 2F
1-1: Ground out U3 (Groundball, 3L)
Bottom of the 7th over - 0 runs, 0 hits, 0 errors, 0 left on base; Key West 5 - Calgary 4
TOP OF THE 8TH
Key West Coral Reefers batting - Pitching for Calgary Lynx : RHP Ash Wooden
Batting: RHB Yoshihiro Iwasaki 0-0: Ball
1-0: Swinging Strike
1-1: Ball
2-1: Foul Ball, location: 2F
2-2: Strikes out swinging
Batting: RHB Miguel Montoya 0-0: Ball
1-0: Ball
2-0: Called Strike
2-1: Swinging Strike
2-2: Ball
3-2: Ground out 6-3 (Groundball, 6)
Batting: SHB Jeff Lowe 0-0: Called Strike
0-1: Foul Ball, location: 2F
0-2: Ball
1-2: Ball
2-2: Strikes out swinging
Top of the 8th over - 0 runs, 0 hits, 0 errors, 0 left on base; Key West 5 - Calgary 4
BOTTOM OF THE 8TH
Calgary Lynx batting - Pitching for Key West Coral Reefers : RHP Ricky O'Toole
Pitching: LHP Manuel Rodríguez
Batting: LHB Daniel García 0-0: Foul Ball, location: 2F
0-1: Ball
1-1: SINGLE (Line Drive, 56D)
Batting: LHB Juan Aranda 0-0: Foul Ball, location: 2F
0-1: Ball
1-1: Ball
2-1: Foul Ball, location: 2F
2-2: SINGLE (Groundball, 34D)
Daniel García to second
Runner from 2nd tries for 3rd, SAFE, no throw
Batting: LHB Michael Ward 0-0: Called Strike
0-1: SINGLE (Flyball, 7LS)
Daniel García scores
Juan Aranda to second
Batting: RHB Miguel Rosales 0-0: Fly out, F4 (Popup, 4S)
Batting: RHB Ángelo Delgado 0-0: Ball
1-0: Foul Ball, location: 2F
1-1: Ball
2-1: Foul Ball, location: 2F
2-2: Fly out, F8 (Flyball, 8RXD)
Runner from 2nd tags up, SAFE at 3rd, no throw
Batting: RHB José de la Cavallería 0-0: Ball
1-0: Called Strike
1-1: Ball
2-1: Fielders Choice at 2nd, 5-4 (Groundball, 56)
Bottom of the 8th over - 1 run, 3 hits, 0 errors, 2 left on base; Key West 5 - Calgary 5
TOP OF THE 9TH
Key West Coral Reefers batting - Pitching for Calgary Lynx : RHP Ash Wooden
Pinch Hitting: SHB Juan Carlos Santos 0-0: Swinging Strike
0-1: Fly out, F8 (Flyball, 8RD)
Batting: SHB Juan Torres 0-0: Ball
1-0: Swinging Strike
1-1: Ground out 4-3 (Groundball, 4)
Pitching: RHP Wai-ho Fan
Batting: RHB Quindarious Monday 0-0: Called Strike
0-1: Called Strike
0-2: Ball
1-2: Strikes out swinging
Top of the 9th over - 0 runs, 0 hits, 0 errors, 0 left on base; Key West 5 - Calgary 5
BOTTOM OF THE 9TH
Calgary Lynx batting - Pitching for Key West Coral Reefers : LHP Manuel Rodríguez
Now at 3B: Kade Knowles
Batting: RHB Dhyana Snigdha 0-0: Swinging Strike
0-1: Foul Ball, location: 2F
0-2: Ground out 6-3 (Groundball, 6)
Batting: RHB Michael Garrett 0-0: Ground out 6-3 (Groundball, 6D)
Pinch Hitting: RHB Ieyoshi Yamamoto 0-0: Called Strike
0-1: Swinging Strike
0-2: Ball
1-2: Ground out 3-1 (Groundball, 34S)
Bottom of the 9th over - 0 runs, 0 hits, 0 errors, 0 left on base; Key West 5 - Calgary 5
TOP OF THE 10TH
Key West Coral Reefers batting - Pitching for Calgary Lynx : RHP Wai-ho Fan
Now in CF: Orlando Villa
Batting: LHB Ricardo Collazo 0-0: Ball
1-0: Ball
2-0: Ball
3-0: Foul Ball, location: 2F
3-1: Base on Balls
Pinch Runner at 1st Jordan Westacott:
Batting: SHB Dave Atkins 0-0: DOUBLE (Line Drive, 7D)
Jordan Westacott to third
Runner from 3rd tries for Home, SAFE, no throw
Batting: LHB John Hansen 0-0: Intentional Walk
Batting: RHB Yoshihiro Iwasaki 0-0: Ball
1-0: Fly out, F7 (Flyball, 7S)
Batting: RHB Miguel Montoya 0-0: Ball
1-0: Foul Ball, location: 2F
1-1: Called Strike
1-2: Ball
2-2: Foul Ball, location: 2F
2-2: Ball
3-2: Foul Ball, location: 2F
3-2: Foul Ball, location: 2F
3-2: Base on Balls
Dave Atkins to third
John Hansen to second
Pinch Hitting: RHB Sadakuno Taketo 0-0: Ball
1-0: Foul Ball, location: 2F
1-1: Ball
2-1: Foul Ball, location: 2F
2-2: Grounds into fielders choice 6-2 (Groundball, 6)
John Hansen to third
Miguel Montoya to second
Batting: RHB Kade Knowles 0-0: Ball
1-0: Called Strike
1-1: SINGLE (Flyball, 7S)
John Hansen scores
Miguel Montoya to third
Sadakuno Taketo to second
Runner from 3rd tries for Home, SAFE, no throw
Pitching: RHP Gustavo López
Batting: SHB Juan Torres 0-0: Ball
1-0: Foul Ball, location: 2F
1-1: Ball
2-1: Foul Ball, location: 2F
2-2: Foul Ball, location: 2F
2-2: Strikes out swinging
Top of the 10th over - 3 runs, 2 hits, 0 errors, 2 left on base; Key West 8 - Calgary 5
BOTTOM OF THE 10TH
Calgary Lynx batting - Pitching for Key West Coral Reefers : LHP Manuel Rodríguez
Now at C: Shoin Takuda
Now at SS: Jason Alston
Batting: LHB Daniel García 0-0: Foul Ball, location: 2F
0-1: Ball
1-1: Foul Ball, location: 2F
1-2: Ball
2-2: Strikes out swinging
Batting: LHB Juan Aranda 0-0: Called Strike
0-1: Ball
1-1: Called Strike
1-2: Strikes out swinging
Batting: LHB Michael Ward 0-0: Fly out, F8 (Flyball, 8RM)
Bottom of the 10th over - 0 runs, 0 hits, 0 errors, 0 left on base; Key West 8 - Calgary 5
Wednesday, September 19th, 2018 - OOTP Baseball 18.8 Build 76